 Dungeon Crawl Stone Soup version 0.29.0-4-gdea44cf6ec (webtiles) character file.

Game seed: 15424356989888491483

16 qw the Chopper (level 2, -16/24 HPs)
             Began as a Barachi Chaos Knight on Sept 4, 2022.
             Demolished by a sun demon (40 damage)
             ... summoned by Xom
             ... on level 1 of the Dungeon.
             The game lasted 00:00:15 (594 turns).

qw the Chopper (Barachi Chaos Knight)                Turns: 594, Time: 00:00:16

Health: -16/24     AC:  5    Str: 13    XL:     2   Next: 58%
Magic:  2/2        EV: 11    Int: 12    God:
Gold:   62         SH:  0    Dex: 11    Spells: 1/1 levels left

rFire   . . .      SeeInvis .   a - +0 hand axe (chaos)
rCold   . . .      Faith    .   (no shield)
rNeg    . . .      Spirit   .   b - +2 leather armour
rPois   .          Reflect  .   (no helmet)
rElec   .          Harm     .   (no cloak)
rCorr   .          Rampage  .   (no gloves)
Will    .....                   (no boots)
Stlth   +.........              (no amulet)
HPRegen 0.08/turn               (no ring)
MPRegen 0.08/turn               (no ring)

@: slow
A: amphibious, slowness 1, strong legs 1, +LOS
a: Hop


You were on level 1 of the Dungeon.
You visited 1 branch of the dungeon, and saw 1 of its levels.

You collected 62 gold pieces.


Innate Abilities, Weirdness & Mutations

You are amphibious.
You cover ground slowly.
You can hop short distances.
You have an extended range of vision and can be seen from far away.


   Skills:
 - Level 3.6 Fighting
 + Level 4.2 Axes
 - Level 2.4 Armour
 - Level 1.1 Dodging


You had one spell level left.
You didn't know any spells.
Your spell library was empty.

Inventory:

Hand Weapons
 a - a +0 hand axe of chaos (weapon)
 d - a +0 club
Armour
 b - a +2 leather armour (worn)
Scrolls
 g - a scroll of identify {unknown}
 h - a scroll of teleportation {unknown}
 i - a scroll of enchant weapon {unknown}
 j - a scroll of fog {unknown}
Potions
 e - a potion of brilliance {unknown}
 f - a potion of curing {unknown}
Miscellaneous
 c - a piece from Xom's chessboard (15/15)

Dungeon Overview and Level Annotations

Branches:
Dungeon (1/15)

Altars:


Message History

The hobgoblin hits you but does no damage.
You closely miss the hobgoblin.
The hobgoblin hits you but does no damage.
You barely miss the hobgoblin. The hobgoblin barely misses you.
You barely miss the hobgoblin. The hobgoblin hits you.
You hit the hobgoblin.
The hobgoblin is heavily wounded.
The hobgoblin hits you.
You hit the hobgoblin but do no damage.
The hobgoblin is heavily wounded.
The hobgoblin closely misses you.
You closely miss the hobgoblin.
The hobgoblin is heavily wounded.
The hobgoblin hits you.
You hit the hobgoblin.
The hobgoblin is poisoned.
The hobgoblin is almost dead.
The hobgoblin hits you but does no damage.
You hit the hobgoblin.
Lightning courses through the hobgoblin!
You kill the hobgoblin!
You start resting.
HP restored.
You now have 62 gold pieces (gained 6).
Found 3 atropa-tipped darts. "Time to have some fun!"
A crimson imp comes into view.
You barely miss the ynoxinul.
You hit the shadow imp but do no damage.
You closely miss the crimson imp. You hit the sun demon but do no damage.
The sun demon goes berserk!
You hit the ynoxinul. You burn the ynoxinul.
The ynoxinul is lightly wounded.
You completely miss the crimson imp. You hit the sun demon.
The sun demon resists with almost no effort.
You closely miss the shadow imp. The sun demon hits you!!!
Ouch! That really hurt!
You die...

##
.........#########.....
.......................
#####...#############..
#...# #.. #...# #..
#...# #..
#######.5.##### #..
#.....#3.5....# ######'
#.....#.@35...# #......
#......##5....# ##.##..
##.....# 4....# #.##..
#.....######## #.##.#
#####.............
#.##.#
#.........########
#.##.. ###.###.....##
#.##.. ............)#
#.##.. ..#####.....#
### #.###.


You could see a sun demon (summoned, berserk), a rust devil (summoned), a
ynoxinul (summoned), a quasit (summoned), 2 crimson imps and a shadow imp
(summoned).

Vanquished Creatures
  A ball python (D:1)
  2 bats (D:1)
  An endoplasm (D:1)
  A giant cockroach (D:1)
  2 hobgoblins (D:1)
  A kobold (D:1)
  4 quokkas (D:1)
  A goblin (D:1)
13 creatures vanquished.

Notes
Turn   | Place    | Note
-------+----------+-------------------------------------------
     0 | D:1      | qw the Barachi Chaos Knight began the quest for the Orb.
     0 | D:1      | Reached XP level 1. HP: 18/18 MP: 1/1
     0 | D:1      | 0 ||| qw: Version: 0.1-a-103-gd6f5d3a
     0 | D:1      | 0 ||| qw: Game counter: 5717
     0 | D:1      | 0 ||| qw: Always use a shield: true
     0 | D:1      | 0 ||| qw: God list: Okawaru
     0 | D:1      | 0 ||| qw: Allow faded altars: false
     0 | D:1      | 0 ||| qw: Do Orc after D:15 true
     0 | D:1      | 0 ||| qw: Do second Lair branch before Depths: true
     0 | D:1      | 0 ||| qw: Lair rune preference: random
     0 | D:1      | 0 ||| qw: Plans: Normal
     0 | D:1      | 0 ||| PLANNING D:1-11
     0 | D:1      | Fell from the grace of Xom
   289 | D:1      | Reached XP level 2. HP: 19/24 MP: 2/2
   344 | D:1      | 344 ||| Stepping ~*~*~tactically~*~*~ (stealth).
   345 | D:1      | 345 ||| Stepping ~*~*~tactically~*~*~ (stealth).
   352 | D:1      | Reached skill level 4 in Axes
   592 | D:1      | XOM: summons 7 hostile demons
   593 | D:1      | Noticed a crimson imp
   593 | D:1      | Noticed a ynoxinul
   593 | D:1      | Noticed a rust devil
   593 | D:1      | Noticed a sun demon
   593 | D:1      | Noticed a crimson imp
   594 | D:1      | Demolished by a sun demon

Levels and vault maps discovered:
D:1:      evilmike_arrival_crescent, layout_basic,
          shapermc_ecumenical_altar_mp_vishouse, minmay_pentomino_u2

Skill      XL: |  1  2 |
---------------+-------+-----
Axes           | 4 |  4.2
Fighting       | |  3.6
Armour         | |  2.4
Dodging        | |  1.1

Action                   || total
-------------------------++-------
Melee: Hand axe          ||    41
Invok: Renounce Religion ||     1
Armor: Leather armour    ||    16
Dodge: Dodged            ||    23

Table legend:
 A = Non-vault XP
 B = Vault XP
 C = Vault XP percentage of total XP
 D = Non-vault monster count
 E = Vault monster count
 F = Vault count percentage of total count
                 A         B        C        D         E       F
            +---------+---------+-------+---------+---------+-------
      Total |      24 |       0 |   0.0 |      13 |       0 |   0.0
            +---------+---------+-------+---------+---------+-------
        D:1 |      24 |       0 |   0.0 |      13 |       0 |   0.0
            +---------+---------+-------+---------+---------+-------
